 Dungeon Crawl Stone Soup version 0.25.1-2-g60ff931df9 (webtiles) character file.

Game seed: 5163907591207803695

24408 DildoBatman the Fighter (level 13, -4/103 HPs)
             Began as a Formicid Wizard on Aug 21, 2020.
             Was a High Priest of Kikubaaqudgha.
             Shot with an arrow by Nessos (32 damage)
             ... on level 12 of the Dungeon.
             The game lasted 01:05:11 (17092 turns).

DildoBatman the Fighter (Formicid Wizard)          Turns: 17092, Time: 01:05:11

Health: -4/103     AC: 12    Str: 14    XL:     13   Next: 42%
Magic:  19/23      EV: 17    Int: 24    God:    Kikubaaqudgha [*****.]
Gold:   889        SH:  5    Dex: 15    Spells: 4/25 levels left

rFire    . . .     SeeInvis +   c - +0 shortbow
rCold    . . .     Gourm    .   P - +0 buckler
rNeg     . . .     Faith    .   o - +0 troll leather armour
rPois    .         Spirit   .   (helmet unavailable)
rElec    .         Reflect  .   g - +0 cloak
rCorr    .         Harm     .   R - +0 pair of gloves {Str+3}
MR       +....                  (no boots)
Stlth    ++........             (no amulet)
HPRegen  0.67/turn              u - +6 ring of dexterity
MPRegen  0.18/turn              Q - +4 ring of protection

@: lethally poisoned (-4 -> -32)
A: permanent stasis, dig shafts and tunnels, four strong arms, antennae 3
a: Dig, Shaft Self, Receive Corpses, Torment, Renounce Religion


You were on level 12 of the Dungeon.
You worshipped Kikubaaqudgha.
Kikubaaqudgha was extremely pleased with you.
You were not hungry.

You visited 3 branches of the dungeon, and saw 15 of its levels.

You collected 2063 gold pieces.
You spent 1174 gold pieces at shops.

Inventory:

Hand Weapons
 a - a +4 spear of freezing
 b - a +4 dire flail of freezing
 c - a +0 shortbow (weapon)
 e - a +0 trident of venom
Missiles
 i - 344 arrows (quivered)
 q - 130 sling bullets
 A - 500 bolts
 J - 3 silver javelins
 K - 25 boomerangs
Armour
 g - a +0 cloak (worn)
 o - a +0 troll leather armour (worn)
 F - a +0 kite shield of reflection
 P - a +0 buckler (worn)
 R - a +0 pair of gloves of strength (worn)
 T - a +0 pair of boots of running
Magical Staves
 Y - an uncursed staff of wizardry
Jewellery
 u - a +6 ring of dexterity (left hand)
 y - an uncursed ring of resist corrosion
 Q - a +4 ring of protection (right hand)
 W - an uncursed ring of poison resistance
Wands
 h - a wand of iceblast (36)
 S - a wand of clouds (7)
Scrolls
 k - a scroll of immolation {unknown}
 t - 2 scrolls of enchant armour {unknown}
 w - 2 scrolls of blinking {unknown}
 x - 7 scrolls of remove curse
 z - 2 scrolls of identify
 B - a scroll of torment {unknown}
 G - 3 scrolls of enchant weapon
 H - 5 scrolls of amnesia {unknown}
 L - 2 scrolls of noise {unknown}
 M - a scroll of silence {unknown}
 N - 2 scrolls of fog {unknown}
 O - a scroll of fear
 U - 2 scrolls of random uselessness {unknown}
 Z - a scroll of brand weapon {unknown}
Potions
 d - 2 potions of flight {unknown}
 f - 5 potions of curing
 j - 2 potions of ambrosia {unknown}
 l - a potion of magic {unknown}
 m - 4 potions of stabbing {unknown}
 n - 2 potions of mutation {unknown}
 p - 4 potions of heal wounds
 r - 2 potions of berserk rage {unknown}
 s - a potion of lignification {unknown}
 C - a potion of invisibility {unknown}
 D - a potion of haste {unknown}
 E - 2 potions of might {unknown}
 I - 4 potions of brilliance {unknown}
Comestibles
 v - 11 rations
 V - a chunk of flesh


   Skills:
 - Level 10.0 Fighting
 - Level 10.0 Armour
 - Level 8.0 Dodging
 - Level 2.4 Stealth
 * Level 3.6 Shields
 * Level 6.8 Spellcasting
 - Level 6.0 Conjurations
   Level 1.0 Summonings
 * Level 7.1 Necromancy
   Level 0.8 Translocations
 - Level 5.0 Fire Magic
 - Level 5.0 Air Magic
 * Level 7.6 Earth Magic


You had 4 spell levels left.
You knew the following spells:

 Your Spells              Type           Power        Failure   Level  Hunger
a - Conjure Flame         Conj/Fire      ####....     2%          3    None
b - Borgnjor's Vile Clut  Necr/Erth      #####.....   12%         5    #####..
c - Magic Dart            Conj           ####         1%          1    None
d - Vampiric Draining     Necr           #####.....   1%          3    None
e - Mephitic Cloud        Conj/Pois/Air  ####....     6%          3    None
h - Dispel Undead         Necr           #####...     4%          4    ###....
z - Sublimation of Blood  Necr           #####.....   1%          2    None

Your spell library contained the following spells:

 Spells                   Type           Power        Failure   Level  Hunger
 Animate Skeleton         Necr           N/A          1%          1    None
 Pain                     Necr           ####         1%          1    None
 Animate Dead             Necr           N/A          4%          4    ###....
 Apportation              Tloc           ##....       6%          1    None
 Summon Small Mammal      Summ           ##..         6%          1    None
 Corona                   Hex            #......      9%          1    None
 Call Imp                 Summ           ##......     9%          2    None
 Slow                     Hex            #.......     13%         2    None
 Recall                   Summ/Tloc      N/A          19%         3    None
 Agony                    Necr           #####...     13%         5    #####..
 Excruciating Wounds      Chrm/Necr      ####......   50%         5    #####..
 Death Channel            Necr           #####.....   56%         6    ######.
 Simulacrum               Ice/Necr       ####......   97%         6    ######.
 Blink                    Tloc           Unusable     N/A         2    N/A

Dungeon Overview and Level Annotations

Branches:
Dungeon (12/15)            Temple (1/1) D:7            Lair (0/6) D:8
    Orc (2/2) D:9             Elf (0/3) Orc:2

Altars:
Ashenzari
Cheibriados
Dithmenos
Elyvilon
Fedhas
Gozag
Hepliaklqana
Kikubaaqudgha
Makhleb
Nemelex Xobeh
Okawaru
Qazlal
Ru
Sif Muna
Trog
Uskayaw
Vehumet
Wu Jian
Xom
Yredelemnul
Zin
The Shining One
Beogh

Shops:
D:11 *:}   Orc:2 }[?!

Annotations:
D:10 2 transporters, exclusion: orange crystal statue
D:12 Nessos


Innate Abilities, Weirdness & Mutations

You cannot be hasted, slowed, berserked, paralysed or teleported.
You can dig through walls and to a lower floor.
Your four strong arms can wield two-handed weapons with a shield.
You have a pair of large antennae on your head. (SInv)


Message History

You are more poisoned.
Nessos shoots an arrow.
You block the arrow.
Firing (i - inventory. (/) - cycle)
i - 345 arrows (quivered)
Press: ? - help, Shift-Dir - straight line, f/p - Nessos
Aim: Nessos, wielding a +1 longbow of flaming, wearing a +0 centaur barding and quivering 10 arrows (severely wounded, fast, constricted by zombie hands)
You shoot an arrow.
The arrow hits Nessos but does no damage.
Nessos is severely wounded.
The zombie hands constrict Nessos!
You feel very sick.
The zombie hands release their grip on Nessos.
Nessos shoots an arrow.
The arrow hits you! The arrow burns you.
You are more poisoned.
Nessos shoots an arrow.
The arrow hits you!!
You die...
Kikubaaqudgha rasps: "You have failed me!
Welcome... death!"

### ..
######.##.###
.#.........#.#
.............
............
#.........#
#....(..##..#
#.....@....#
...........##
..#.........#
#..........#
............#
..........c...#
#......?..(...#
#..............


You could see Nessos (fast).

Vanquished Creatures
  Donald (Orc:2)
  A stone giant (D:8)
  An ettin (Orc:2)
  Josephine (Orc:2)
  2 two-headed ogres
  An orc high priest (Orc:1)
  Urug (D:11)
  An unseen horror (D:11)
  4 orc knights (Orc:2)
  2 ugly things (D:11)
  3 cyclopes
  2 orc sorcerers (Orc:1)
  A centaur zombie (D:11)
  A gargoyle (D:11)
  5 trolls
  A hippogriff (D:9)
  3 wraiths
  3 wyverns
  5 yaks
  2 steam dragons (D:11)
  A warg (Orc:2)
  Duvessa (D:7)
  3 black bears
  45 orc warriors
  3 ice beasts
  6 phantoms
  3 ogres
  13 centaurs
  A big kobold (D:9)
  10 bullfrogs
  Dowan (D:7)
  2 scorpions
  3 killer bees (D:9)
  11 wights
  5 crimson imps
  2 howler monkeys
  10 orc priests
  7 hounds
  3 jellies
  2 centaur skeletons
  25 orc wizards
  An iguana (D:9)
  5 worker ants
  A hound skeleton (D:9)
  A hound zombie (D:6)
  Robin (D:1)
  15 adders
  A shadow imp (D:4)
  3 oozes
  5 dart slugs
  5 leopard geckos
  90 orcs
  3 ball pythons
  3 bats
  7 giant cockroaches
  17 goblins
  12 hobgoblins
  5 kobolds
  3 quokkas
  2 frilled lizards
  2 gnoll zombies (D:7)
  A jackal skeleton (D:4)
  A leopard gecko skeleton (D:4)
  A quokka skeleton (D:7)
  4 rats
387 creatures vanquished.

Vanquished Creatures (collateral kills)
  A killer bee (D:9)
1 creature vanquished.

Vanquished Creatures (others)
  An electric eel (D:11)
  An orc (Orc:2)
  4 fungi (D:8)
  6 plants (D:8)
12 creatures vanquished.

Grand Total: 400 creatures vanquished

Notes
Turn   | Place    | Note
-------+----------+-------------------------------------------
     0 | D:1      | DildoBatman the Formicid Wizard began the quest for the
                  | Orb.
     0 | D:1      | Reached XP level 1. HP: 13/13 MP: 4/4
    47 | D:1      | Reached skill level 1 in Conjurations
   287 | D:1      | Reached XP level 2. HP: 9/19 MP: 0/6
   704 | D:1      | Reached XP level 3. HP: 24/24 MP: 1/7
   709 | D:1      | Learned a level 3 spell: Conjure Flame
   713 | D:1      | Learned a level 3 spell: Mephitic Cloud
  1749 | D:2      | Reached XP level 4. HP: 30/30 MP: 2/8
  2087 | D:2      | Noticed Robin
  2438 | D:2      | Reached XP level 5. HP: 31/35 MP: 4/9
  3806 | D:4      | Found a shadowy altar of Dithmenos.
  3806 | D:4      | Noticed a phantom
  4055 | D:5      | Entered Level 5 of the Dungeon
  4219 | D:5      | Reached skill level 5 in Conjurations
  4219 | D:5      | Reached XP level 6. HP: 31/41 MP: 5/10
  4585 | D:6      | Reached skill level 1 in Fire Magic
  4585 | D:6      | Reached skill level 1 in Air Magic
  4644 | D:6      | Reached XP level 7. HP: 39/46 MP: 8/11
  5159 | D:7      | Found a sparkling altar of Nemelex Xobeh.
  5210 | D:7      | Found a staircase to the Ecumenical Temple.
  5217 | Temple   | Entered the Ecumenical Temple
  5353 | Temple   | Became a worshipper of Kikubaaqudgha
  5582 | D:1      | Killed Robin
  6109 | D:5      | Reached XP level 8. HP: 46/52 MP: 10/12
  6909 | D:6      | Reached skill level 5 in Fire Magic
  6963 | D:6      | Reached * piety under Kikubaaqudgha
  6963 | D:6      | Identified Kikubaaqudgha's Volume of Stolen Souls
                  | (Kikubaaqudgha gifted it to you on level 6 of the Dungeon)
  6963 | D:6      | Received a gift from Kikubaaqudgha
  6970 | D:6      | Reached skill level 5 in Air Magic
  6970 | D:6      | Reached XP level 9. HP: 34/57 MP: 1/13
  7048 | D:6      | Reached skill level 1 in Armour
  7101 | D:7      | Reached skill level 1 in Fighting
  7230 | D:7      | Noticed Duvessa
  7231 | D:7      | Noticed Dowan
  7246 | D:7      | Killed Duvessa
  7248 | D:7      | Killed Dowan
  7362 | D:7      | Found a basalt altar of Yredelemnul.
  7491 | D:7      | Found a glowing silver altar of Zin.
  7491 | D:7      | Found an ornate altar of the Wu Jian Council.
  7492 | D:7      | Found a snail-covered altar of Cheibriados.
  8231 | D:8      | Reached ** piety under Kikubaaqudgha
  8385 | D:8      | Reached XP level 10. HP: 57/73 MP: 14/14
  8642 | D:8      | Reached skill level 5 in Armour
  8709 | D:8      | Reached skill level 5 in Fighting
  8889 | D:8      | Found a staircase to the Lair.
  8986 | D:8      | Noticed a two-headed ogre
  9074 | D:8      | Killed a two-headed ogre
  9074 | D:8      | Reached skill level 5 in Dodging
  9388 | D:8      | Found an opulent altar of Gozag.
  9740 | D:9      | Reached *** piety under Kikubaaqudgha
  9740 | D:9      | Identified Kikubaaqudgha's Reference Book on Sinister
                  | Rituals (Kikubaaqudgha gifted it to you on level 9 of the
                  | Dungeon)
  9740 | D:9      | Received a gift from Kikubaaqudgha
 10014 | D:9      | Noticed a two-headed ogre
 10021 | D:9      | Reached skill level 1 in Necromancy
 10025 | D:9      | Killed a two-headed ogre
 10025 | D:9      | Reached XP level 11. HP: 29/84 MP: 9/15
 10651 | D:9      | Found a staircase to the Orcish Mines.
 11071 | D:10     | Entered Level 10 of the Dungeon
 11108 | D:10     | Noticed a fire dragon
 11109 | D:10     | Found a transporter.
 11109 | D:10     | Noticed an orange crystal statue
 11109 | D:10     | Noticed an orc knight
 11109 | D:10     | Noticed a flayed ghost
 11143 | D:10     | Reached skill level 1 in Shields
 11150 | D:10     | Found a transporter.
 11885 | D:11     | Found Cyfas's Assorted Antiques.
 11887 | D:11     | Bought a green potion for 18 gold pieces
 11887 | D:11     | Bought a scroll labeled JUIHOC BOYGRAS for 21 gold pieces
 11958 | D:11     | Noticed an unseen horror
 11973 | D:11     | Killed an unseen horror
 11988 | D:11     | Noticed a brown ugly thing
 11990 | D:11     | Reached **** piety under Kikubaaqudgha
 12018 | D:11     | Learned a level 3 spell: Vampiric Draining
 12021 | D:11     | Learned a level 2 spell: Sublimation of Blood
 12026 | D:11     | Learned a level 4 spell: Dispel Undead
 12056 | D:11     | Found a flagged portal.
 12078 | D:11     | Killed a brown ugly thing
 12100 | D:11     | Found Utrunysch's Gadget Boutique.
 12110 | D:11     | Noticed a cyclops
 12518 | D:11     | Noticed Urug
 12563 | D:11     | Killed Urug
 12582 | D:11     | Found Pemeypp's Book Shoppe.
 12617 | D:11     | Noticed a cyclops
 12649 | D:11     | Killed a cyclops
 12661 | D:11     | Killed a cyclops
 12661 | D:11     | Reached XP level 12. HP: 88/94 MP: 7/18
 13371 | Orc:1    | Entered Level 1 of the Orcish Mines
 13464 | Orc:1    | Reached skill level 5 in Spellcasting
 13552 | Orc:1    | Reached skill level 5 in Necromancy
 13801 | Orc:1    | Noticed a stone giant
 14282 | Orc:1    | Noticed an orc high priest
 14343 | Orc:1    | Killed an orc high priest
 14443 | Orc:1    | Reached ***** piety under Kikubaaqudgha
 14452 | Orc:1    | Found a roughly hewn altar of Beogh.
 14546 | Orc:2    | Entered Level 2 of the Orcish Mines
 14547 | Orc:2    | Noticed Josephine
 14552 | Orc:2    | Found a staircase to the Elven Halls.
 14580 | Orc:2    | Noticed Donald
 14751 | Orc:2    | Killed Josephine
 15145 | Orc:2    | Found a shimmering altar of Xom.
 15200 | Orc:2    | Killed Donald
 15352 | Orc:2    | Noticed an ettin
 15478 | D:11     | Bought a book of Unlife for 845 gold pieces
 15484 | D:11     | Learned a level 5 spell: Borgnjor's Vile Clutch
 15802 | Orc:2    | Killed an ettin
 15802 | Orc:2    | Reached XP level 13. HP: 103/103 MP: 11/22
 16105 | Orc:2    | Reached skill level 5 in Earth Magic
 16490 | Orc:2    | Found Jaas's Antique Armour Emporium.
 16490 | Orc:2    | Found Etwaon's Magic Scroll Shop.
 16492 | Orc:2    | Found Usohyrosma's Distillery.
 16494 | Orc:2    | Found Arrel's Gadget Shoppe.
 16498 | Orc:2    | Bought a pair of glowing boots for 277 gold pieces
 16501 | Orc:2    | Bought a potion of degeneration for 13 gold pieces
 16969 | D:8      | Killed a stone giant
 16969 | D:8      | Reached skill level 10 in Fighting
 16969 | D:8      | Reached skill level 10 in Armour
 17086 | D:12     | Noticed Nessos
 17092 | D:12     | Shot with an arrow by Nessos

Illustrated notes

Levels and vault maps discovered:
D:1:      ncdulo_watergridlock, layout_loops_ring
D:2:      layout_basic, first_ration, uniq_robin
D:3:      minmay_door_path, layout_rooms
D:4:      layout_basic, grunt_dithmenos_shadows, minmay_misc_feat_square,
          item_on_display_a
D:5:      layout_cave_pods
D:6:      layout_cave_pods
D:7:      layout_layer_cave, lemuel_zombie_altar_yredelemnul,
          nemelex_xobeh_ov_fountains_minmay, gammafunk_temple_overflow_claw,
          minmay_temple_entry_glass, uniq_duvessa
D:8:      layout_basic, grunt_lair_entry_orc_guard_hut, basic_altar
D:9:      layout_loops_ring, david_orc_4
D:10:     gammafunk_sealed_arena, layout_gridville
D:11:     layout_basic, enter_bailey_6, serial_shops, shop, shop,
          nicolae_shop_behind_doors, uniq_urug
D:12:     layout_cave_pools, serial_shops, shop, hangedman_pestilent_swarm,
          nicolae_underground_beach, uniq_frances, uniq_nessos, uniq_snorg
Temple:   nicolae_temple_elliptical
Orc:1:    layout_caves, mines1_david
Orc:2:    st_orc_rangers, layout_diamond_mine, basic_altar,
          statue_in_the_mist_lemuel, uniq_josephine, uniq_donald

Skill      XL: |  1  2  3  4  5  6  7  8  9 10 11 12 13 |
---------------+----------------------------------------+-----
Conjurations   | 1 2 3 4 5 6 |  6.0
Fire Magic     | 1 3 5 |  5.0
Air Magic      | 1 2 5 |  5.0
Armour         | 4 7 8 9 10 | 10.0
Dodging        | 4 6 7 8 |  8.0
Fighting       | 4 7 8 9 10 | 10.0
Necromancy     | 2 4 6 7 |  7.1
Shields        | 3 |  3.6
Spellcasting   | 4 6 |  6.8
Earth Magic    | 3 7 |  7.6
Stealth        | |  2.4
Summonings     | |  1.0
Translocations | |  0.8

Action                   |  1- 3 |  4- 6 |  7- 9 | 10-12 | 13-15 || total
-------------------------+-------+-------+-------+-------+-------++-------
Melee: Club              |     2 |       |       |       |       ||     2
       Mace              |       |     1 |       |       |       ||     1
       Spear             |       |    55 |   339 |   784 |   107 ||  1285
       Dagger            |       |     1 |       |       |       ||     1
       Dire flail        |       |       |       |    64 |    25 ||    89
 Fire: Shortbow          |       |       |       |    97 |     9 ||   106
 Cast: Magic Dart        |    82 |   105 |    27 |    34 |       ||   248
       Mephitic Cloud    |       |     1 |    19 |    95 |    13 ||   128
       Conjure Flame     |       |     3 |    19 |    70 |     8 ||   100
       Dispel Undead     |       |       |       |     2 |       ||     2
       Borgnjor's Vile C |       |       |       |       |    13 ||    13
       Sublimation of Bl |       |       |       |       |     4 ||     4
 Abil: Dig               |     1 |     5 |     7 |    35 |     6 ||    54
  Use: Scroll            |     1 |     5 |       |     2 |       ||     8
       Potion            |       |       |       |     1 |       ||     1
 Stab: Sleeping          |       |     2 |     3 |     3 |       ||     8
       Confused          |       |     1 |    15 |    56 |    14 ||    86
       Distracted        |       |     1 |     1 |       |       ||     2
  Eat: Chunk             |     2 |    10 |    17 |    37 |    10 ||    76
       Ration            |       |       |       |     1 |       ||     1
Armor: Robe              |     2 |    17 |    28 |    52 |       ||    99
       Animal skin       |       |       |    12 |       |       ||    12
       Steam dragon scal |       |       |       |    10 |       ||    10
       Troll leather arm |       |       |       |    48 |    13 ||    61
Dodge: Dodged            |     7 |    37 |    83 |   356 |    88 ||   571
Block: Buckler           |       |       |       |    64 |    22 ||    86
